 Dungeon Crawl Stone Soup version 0.16.0-17-g811c1d7 (console) character file.

89 gw the Cudgeler (level 4, -1/27 HPs)
             Began as a Gargoyle Gladiator on Mar 21, 2015.
             Slain by Sigmund
             ... wielding a +0 scythe
              (2 damage)
             ... on level 2 of the Dungeon.
             The game lasted 00:02:04 (1559 turns).

gw the Cudgeler (Gargoyle Gladiator)                Turns: 1559, Time: 00:02:05

Health: -1/27      AC:  9    Str: 15 (19) XL:     4   Next: 55%
Magic:  4/4        EV: 12    Int:  8      God:
Gold:   146        SH:  0    Dex: 11      Spells: 0 memorised, 3 levels left

rFire  . . .     SeeInvis .     a - +0 flail
rCold  . . .     Clarity  .     b - +0 leather armour
rNeg   + . .     SustAb   .     (no shield)
rPois  ∞         Gourm    .     c - +0 helmet
rElec  +         Spirit   .     (no cloak)
rCorr  .         Warding  .     (no gloves)
rMut   .         Stasis   .     (no boots)
MR     .....                    (no amulet)
Stlth  +.........               (no ring)
                                n - +2 ring of protection

@: not resistant to hostile enchantments, very unstealthy
A: negative energy resistance 1, electricity resistance, unbreathing,
petrification resistance, rot immunity, AC +3
a: no special abilities


You were on level 2 of the Dungeon.
You were not hungry.

You visited 1 branch of the dungeon, and saw 2 of its levels.

You collected 146 gold pieces.

Inventory:

Hand weapons
 a - a +0 flail (weapon)
Missiles
 d - 3 throwing nets
 e - 69 stones (quivered)
Armour
 b - a +0 leather armour (worn)
 c - a +0 helmet (worn)
Jewellery
 n - a +2 ring of protection (left hand)
Scrolls
 g - a scroll of blinking {unknown}
 i - a scroll of identify
 m - a scroll of enchant armour {unknown}
 o - a scroll of noise {unknown}
 p - a scroll of amnesia {unknown}
Potions
 h - a potion of agility {unknown}
 q - a potion of brilliance {unknown}
Comestibles
 f - a bread ration
 j - a royal jelly
 k - a meat ration
 l - 3 fruits


   Skills:
 + Level 2.8 Fighting
 * Level 4.1 Maces & Flails
 + Level 2.5 Throwing
 + Level 1.8 Armour
 - Level 2.4 Dodging


You had 3 spell levels left.
You didn't know any spells.

Dungeon Overview and Level Annotations

Branches:
Dungeon (2/15)

Altars:

Annotations:
D:2 Sigmund


Innate Abilities, Weirdness & Mutations

You are resistant to torment.
You are immune to poison.
Your stone body is very resilient (AC +3).
You resist negative energy.
You are resistant to electric shocks.
You can survive without breathing.
You are immune to petrification.
You are immune to rotting.


Message History

You swing at nothing.
Something hits you!
Unknown command.
Unknown command.
Unknown command.
Unknown command.
ATTACKING (0,-1)
You swing at nothing.
Unknown command.
Unknown command.
Unknown command.
Unknown command.
ATTACKING (0,-1)
You swing at nothing.
Something hits you!
Unknown command.
Unknown command.
Unknown command.
Unknown command.
ATTACKING (0,-1)
You swing at nothing.
Something hits you.
You die...

.............#..#.............# #
..............................# #
.#....##.#########...........####
.#....##.# #.........#####.
...#..##.# #####...###.........
#.##...#.# #.(.....###...###...
..##.#.#.####..#{.##......## ###.
.###.#?#.......#.######...# ## .#
#.#...@.....#9# #...# # .#
#.###.......#.######...# .# #.#
#.......#.#........### ## #.#
#.......#...#####....##### # #.#
#.#######..## ##..#...... . #.#
###...# #.....##### #.# #.....#
#...#.##### #.# ##...###
##...#...#.. # #.#
#...#######....###....


There were no monsters in sight!

Table legend:
 A = Turns spent in this place as a percentage of turns spent in the entire game.
 B = Non-inter-level travel turns spent in this place as a percentage of non-inter-level travel turns spent in the entire game.
 C = Inter-level travel turns spent in this place as a percentage of turns spent in this place.
 D = Turns resting spent in this place as a percentage of non-inter-level travel turns spent in this place.
 E = Turns spent auto-exploring this place as a percentage of non-inter-level travel turns spent in this place.
 F = Non-inter-level travel turns spent in this place divided by the number of levels of this place that you've seen.
                   A       B       C       D       E      F
               +-------+-------+-------+-------+-------+----------------------
         Total | 100.0 | 100.0 |   0.2 |   1.0 |   2.6 | 1360.0
       Dungeon | 100.0 | 100.0 |   0.2 |   1.0 |   2.6 | 1360.0
               +-------+-------+-------+-------+-------+----------------------

Table legend:
 A = Kills in this place as a percentage of kills in entire the game.
 B = Kills by you in this place as a percentage of kills by you in the entire game.
 C = Kills by friends in this place as a percentage of kills by friends in the entire game.
 D = Other kills in this place as a percentage of other kills in the entire game.
 E = Experience gained in this place as a percentage of experience gained in the entire game.
 F = Experience gained in this place divided by the number of levels of this place that you have seen.
                   A       B       C       D       E      F
               +-------+-------+-------+-------+-------+----------------------
         Total | 100.0 | 100.0 |  -nan |  -nan | 100.0 |  64.0
       Dungeon | 100.0 | 100.0 |  -nan |  -nan | 100.0 |  64.0
               +-------+-------+-------+-------+-------+----------------------

Vanquished Creatures
  4 adders (D:2)
  2 worms (D:2)
  4 giant geckos
  An orc (D:2)
  A ball python (D:1)
  A giant cockroach (D:1)
  3 hobgoblins
  2 jackals (D:1)
  7 kobolds
  A quokka (D:1)
  3 bats
  7 goblins
  2 rats
38 creatures vanquished.

Notes
Turn   | Place    | Note
--------------------------------------------------------------
     0 | D:1      | gw, the Gargoyle Gladiator, began the quest for the Orb.
     0 | D:1      | Reached XP level 1. HP: 12/12 MP: 1/1
   212 | D:1      | Reached XP level 2. HP: 18/18 MP: 2/2
   657 | D:1      | Reached skill level 1 in Armour
   749 | D:1      | Reached XP level 3. HP: 22/22 MP: 3/3
  1162 | D:2      | Reached XP level 4. HP: 22/27 MP: 4/4
  1271 | D:2      | Reached skill level 4 in Maces & Flails
  1452 | D:2      | Noticed Sigmund
  1558 | D:2      | HP: 1/27 [something (7)]
  1559 | D:2      | Slain by Sigmund

Action                   |  1- 3 |  4- 6 || total
-------------------------+-------+-------++-------
Melee: Flail             |    82 |    23 ||   105
Throw: Stone             |    51 |    23 ||    74
  Use: Scroll            |     3 |     1 ||     4
       Potion            |     3 |       ||     3
  Eat: Chunk             |     1 |     1 ||     2

Vault maps used:
D:1:      eino_arrival_cavern_b, minmay_cupped
D:2:      lemuel_crystal_altar, uniq_sigmund, uniq_jessica
